 Dungeon Crawl Stone Soup version 0.31-a0-1237-gabc64e778c (webtiles) character file.

Game seed: 9077182080260643816

10978 croobank the Summoner (level 11, 0/83 HPs)
             Began as a Gnoll Summoner on Dec 16, 2023.
             Was an Initiate of Ashenzari.
             Slain by a deep elf pyromancer
             ... wielding the +3 Elemental Staff {ele, rElec rF+ rC+ AC+3}
              (19 damage)
             ... on level 11 of the Dungeon.
             The game lasted 00:53:06 (11702 turns).

croobank the Summoner (Gnoll Summoner)             Turns: 11702, Time: 00:53:06

Health: 0/83       AC: 14    Str:  8    XL:     11   Next: 70%
Magic:  23/23      EV: 15    Int: 19    God:    Ashenzari [......]
Gold:   288        SH:  0    Dex: 12    Spells: 7/26 levels left

rFire   . . .        e - +0 dagger
rCold   . . .        (no shield)
rNeg    . . .        A - +5 robe of Night {Dark Will+ SInv}
rPois   .            f - +1 helmet
rElec   .            B - +2 cloak "Visionary Loss" {Comp, Bglg} (curse)
rCorr   +            w - +0 pair of gloves
SInv    +            (no boots)
Will    +....        (no amulet)
Stlth   ++           r - ring of resist corrosion
HPRegen 0.33/turn    (no ring)
MPRegen 0.18/turn

%: no passive effects
@: on fire, glowing
A: fangs 1, strong nose, distributed training
a: Renounce Religion, Curse Item, Shatter the Chains


You were on level 11 of the Dungeon.
You worshipped Ashenzari.
Ashenzari was noncommittal.
You visited 1 branch of the dungeon, and saw 11 of its levels.

You collected 730 gold pieces.
You spent 442 gold pieces at shops.

Inventory:

Hand Weapons
 e - a +0 dagger (weapon)
 i - a +0 rapier
 j - a +0 short sword
 n - the +8 dagger "Hauduif" {pain, *Slow rF+ Int+3 SInv}
   (You found it on level 2 of the Dungeon)

   Int+3:     It affects your intelligence (+3).
   rF+:       It protects you from fire.
   SInv:      It lets you see invisible.
   *Slow:     It may slow you when you take damage.
 p - a +0 long sword of electrocution
 s - a +0 rapier of holy wrath
 x - a +0 lajatang
 F - a +2 glaive of flaming
 H - a +5 trident
 I - a +4 dagger
 K - a +4 shortbow
Armour
 f - a +1 helmet (worn)
 h - a +0 ring mail
 u - a +2 leather armour of fire resistance
 w - a +0 pair of gloves (worn)
 A - the +5 robe of Night (worn) {Dark Will+ SInv}
   (You found it on level 6 of the Dungeon)

   Dark:      It shrouds the wearer in darkness, reducing the range at which
   they can see and be seen by others.
   Will+:     It increases your willpower.
   SInv:      It lets you see invisible.
 B - the cursed +2 cloak "Visionary Loss" (worn) {Comp, Bglg}
   (You took it off Crazy Yiuf on level 7 of the Dungeon)

   It has a curse which improves the following skills: Companions: Summonings
   and Necromancy.
   Beguiling: Conjurations, Hexes and Translocations.
 G - +0 steam dragon scales
Jewellery
 r - a ring of resist corrosion (left hand)
 y - a +5 ring of evasion
 C - an amulet of guardian spirit
Wands
 d - a wand of flame (7)
 D - a wand of digging (5)
Scrolls
 g - 6 scrolls of identify
 k - 3 scrolls of teleportation
 m - 3 scrolls of poison
 z - 2 scrolls of amnesia
 E - a scroll of fog
 J - a scroll of vulnerability
 L - a scroll of fear
 M - a scroll of revelation
 O - a scroll of brand weapon
 P - a scroll of enchant armour
Potions
 a - 3 potions of haste
 b - a potion of magic
 c - 2 potions of curing
 l - 3 potions of invisibility
 o - a potion of brilliance
 q - 2 potions of attraction
 t - 2 potions of heal wounds
 v - a potion of berserk rage
 N - a potion of mutation


   Skills:
 + Level 6.6 Fighting
 + Level 6.6 Short Blades
 + Level 6.6 Long Blades
 + Level 6.6 Axes
 + Level 6.6 Maces & Flails
 + Level 6.6 Polearms
 + Level 6.6 Staves
 + Level 6.6 Ranged Weapons
 + Level 6.6 Throwing
 + Level 6.6 Armour
 + Level 8.2 Dodging
 + Level 7.9 Stealth
 + Level 6.6 Shields
 + Level 6.6 Unarmed Combat
 + Level 8.4 Spellcasting
 + Level 5.5(5.9) Conjurations
 + Level 5.5(5.9) Hexes
 + Level 9.1(9.5) Summonings
 + Level 5.5(5.9) Necromancy
 + Level 5.5(5.9) Translocations
 + Level 5.5 Transmutations
 + Level 5.5 Fire Magic
 + Level 5.5 Ice Magic
 + Level 5.5 Air Magic
 + Level 5.5 Earth Magic
 + Level 5.5 Poison Magic
 + Level 7.3 Invocations
 + Level 6.6 Evocations
 + Level 6.0 Shapeshifting


You had 7 spell levels left.
You knew the following spells:

 Your Spells              Type           Power      Damage    Failure   Level
a - Summon Small Mammal   Summ           100%       N/A       1%          1
b - Call Imp              Summ           88%        N/A       1%          2
c - Call Canine Familiar  Summ           44%        N/A       1%          3
d - Summon Guardian Gole  Hex/Summ       37%        N/A       1%          3
e - Summon Lightning Spi  Summ/Air       36%        N/A       4%          4
i - Irradiate             Conj/Tmut      14%        3d16      22%         5
x - Foxfire               Conj/Fire      100%       2x1d9     1%          1

Your spell library contained the following spells:

 Spells                   Type           Power      Damage    Failure   Level
 Scorch                   Fire           58%        2d7       1%          2
 Stone Arrow              Conj/Erth      58%        3d10      2%          3
 Animate Armour           Summ/Erth      72%        N/A       4%          4
 Animate Dead             Necr           30%        N/A       8%          4
 Flame Wave               Conj/Fire      29%        2d9       9%          4
 Leda's Liquefaction      Hex/Erth       14%        N/A       9%          4
 Borgnjor's Vile Clutch   Necr/Erth      14%        N/A       22%         5
 Lee's Rapid Deconstruct  Erth           14%        3d9*      26%         5
 Summon Cactus Giant      Summ           22%        N/A       26%         6
 Death Channel            Necr           15%        N/A       75%         6
 Bombard                  Conj/Erth      14%        9d3       77%         6
 Starburst                Conj/Fire      14%        6d6       77%         6
 Plasma Beam              Fire/Air       14%        2x1d25    80%         6
 Lehudib's Crystal Spear  Conj/Erth      14%        10d5      100%        8


Dungeon Overview and Level Annotations

Branches:
Dungeon (11/15)            Temple (0/1) D:6            Lair (0/5) D:10
    Orc: D:9-12

Altars:
Ashenzari
Cheibriados
Dithmenos
Elyvilon
Kikubaaqudgha
Nemelex Xobeh
Okawaru
Qazlal
Sif Muna
Uskayaw
Wu Jian
Xom

Shops:
D:2 :   D:6 :   D:10 ?

Annotations:
D:10 3 runed translucent doors, Sundig's ghost, journeyman HuFi


Innate Abilities, Weirdness & Mutations

You have very sharp teeth.
Your uncanny sense of smell can sniff out nearby items.
Your experience applies equally to all skills.


Message History

You barely miss the deep elf pyromancer.
The deep elf pyromancer closely misses you.
You hit the deep elf pyromancer but do no damage.
You bite the deep elf pyromancer, but do no damage.
You closely miss the deep elf pyromancer.
The deep elf pyromancer hits you with the +3 Elemental Staff {ele, rElec rF+ rC+ AC+3}.
The deep elf pyromancer crushes you!
You hit the deep elf pyromancer but do no damage.
The deep elf pyromancer casts a spell.
You hit the deep elf pyromancer but do no damage.
You miss the deep elf pyromancer. You punch the deep elf pyromancer.
Your bite misses the deep elf pyromancer.
The deep elf pyromancer is lightly wounded.
The fire elemental closely misses you. The deep elf pyromancer misses you.
You closely miss the deep elf pyromancer.
The deep elf pyromancer is lightly wounded.
The fire elemental hits you. The fire elemental burns you!
The deep elf pyromancer casts a spell at you.
The sticky flame hits you.
You are covered in liquid flames!
You closely miss the deep elf pyromancer.
You punch the deep elf pyromancer, but do no damage.
The deep elf pyromancer is lightly wounded.
You are covered in liquid flames!
The fire elemental barely misses you.
You barely miss the deep elf pyromancer.
You bite the deep elf pyromancer.
The deep elf pyromancer is lightly wounded.
You are covered in liquid flames!
The fire elemental barely misses you.
The deep elf pyromancer hits you but does no damage.
The deep elf pyromancer freezes you!!
You hit the deep elf pyromancer but do no damage.
The deep elf pyromancer is lightly wounded.
You are covered in liquid flames!
The fire elemental hits you. The fire elemental burns you!
* * * LOW HITPOINT WARNING * * *
The deep elf pyromancer hits you but does no damage.
The deep elf pyromancer electrocutes you!!
You die...

## ##.## .#
#+...+# ...#
##.....##
..§..##...e...#
#...####.@...#
#.##..#'E..+#
#.# ##....##.##
#.# ##.....###
#.# ###....##
#.# #>'#..##≈#
#.# ##.####≈§§#
#.###..###≈§§§≈
#.....## #≈≈≈#


You could see a deep elf pyromancer and a fire elemental (summoned).

Vanquished Creatures
  A two-headed ogre (D:10)
  3 ugly things (D:10)
  A komodo dragon (D:10)
  A wraith (D:10)
  A fire elemental (D:11)
  2 yaks (D:9)
  A basilisk (D:10)
  Eustachio (D:4)
  An acid dragon (D:11)
  A water moccasin (D:7)
  An ice beast (D:5)
  An orc warrior (D:9)
  2 sky beasts
  A centaur (D:10)
  A kobold brigand (D:7)
  2 scorpions
  3 bullfrogs
  A wight (D:7)
  4 killer bees
  Crazy Yiuf (D:7)
  2 jellies
  3 orc priests
  5 hounds
  A sleepcap (D:6)
  6 orc wizards
  7 gnolls
  7 adders
  A white imp (D:4)
  A dart slug (D:1)
  13 orcs
  5 endoplasms
  2 giant cockroaches
  6 goblins
  A hobgoblin (D:1)
  9 kobolds
  4 quokkas
  7 ball pythons
  3 frilled lizards
  2 rats
115 creatures vanquished.

Vanquished Creatures (collateral kills)
  A manticore (D:11)
  An ugly thing (D:10)
  Maggie (D:8)
  An unseen horror (D:10)
  A komodo dragon (D:10)
  A hornet (D:8)
  Sigmund (D:6)
  3 yaks (D:9)
  A wraith (D:9)
  A basilisk (D:10)
  A vampire (D:11)
  A wyvern (D:10)
  2 vampire mosquitoes (D:10)
  2 orc warriors
  A swamp drake (D:10)
  A black bear (D:4)
  A sky beast (D:6)
  A centaur (D:10)
  A phantom (D:4)
  Blork the orc (D:4)
  2 gnoll sergeants
  14 wights
  3 killer bees
  4 hounds
  A jelly (D:6)
  5 orc priests
  2 gnoll boudas
  3 orc wizards
  14 gnolls
  2 adders
  A shadow imp (D:8)
  A white imp (D:4)
  2 ufetubi (D:6)
  2 worms (D:2)
  7 orcs
  2 endoplasms (D:1)
  3 giant cockroaches
  4 hobgoblins
  3 quokkas
  4 bats
  A frilled lizard (D:2)
  3 goblins
  8 kobolds
  3 rats (D:1)
118 creatures vanquished.

Vanquished Creatures (others)
  A yak (D:9)
  A water moccasin (D:7)
  An acid dragon (shapeshifter) (D:10)
  4 wights
  An orc priest (D:10)
  An orc (D:10)
  A quokka (D:1)
  65 foxfires
75 creatures vanquished.

Grand Total: 308 creatures vanquished

Notes
Turn   | Place    | Note
-------+----------+-------------------------------------------
     0 | D:1      | croobank the Gnoll Summoner began the quest for the Orb.
     0 | D:1      | Reached XP level 1. HP: 13/13 MP: 6/6
     3 | D:1      | Noticed a barachi
     4 | D:1      | Noticed a dwarf
     5 | D:1      | Noticed a merfolk
     6 | D:1      | Noticed a dwarf
     7 | D:1      | Noticed an elf
     8 | D:1      | Noticed a draconian
    11 | D:1      | Noticed a gargoyle
    11 | D:1      | Noticed a tengu
    13 | D:1      | Noticed a barachi
    13 | D:1      | Noticed a gargoyle
    14 | D:1      | Noticed a vampire
    15 | D:1      | Noticed a vampire
    17 | D:1      | Noticed a spriggan
    17 | D:1      | Noticed a felid
    17 | D:1      | Noticed a ghoul
    19 | D:1      | Noticed an octopode
   161 | D:1      | Reached XP level 2. HP: 16/19 MP: 2/7
   165 | D:1      | Learned a level 2 spell: Call Imp
   352 | D:1      | Found a faded altar of an unknown god.
   361 | D:1      | Reached skill level 5 in Spellcasting
   361 | D:1      | Reached XP level 3. HP: 25/25 MP: 3/9
   593 | D:1      | Reached skill level 1 in Invocations
   689 | D:1      | Reached skill level 1 in Fighting
   689 | D:1      | Reached skill level 1 in Short Blades
   689 | D:1      | Reached skill level 1 in Long Blades
   689 | D:1      | Reached skill level 1 in Axes
   689 | D:1      | Reached skill level 1 in Maces & Flails
   689 | D:1      | Reached skill level 1 in Polearms
   689 | D:1      | Reached skill level 1 in Staves
   689 | D:1      | Reached skill level 1 in Ranged Weapons
   689 | D:1      | Reached skill level 1 in Throwing
   689 | D:1      | Reached skill level 1 in Armour
   689 | D:1      | Reached skill level 1 in Shields
   689 | D:1      | Reached skill level 1 in Unarmed Combat
   689 | D:1      | Reached skill level 1 in Evocations
   736 | D:1      | Learned a level 3 spell: Call Canine Familiar
   912 | D:2      | Reached XP level 4. HP: 32/32 MP: 4/11
   916 | D:2      | Learned a level 3 spell: Summon Guardian Golem
   987 | D:2      | Reached skill level 1 in Shapeshifting
  1114 | D:2      | Found Rioqarr's Book Boutique.
  1472 | D:2      | Identified the +8 dagger "Hauduif" {pain, *Slow rF+ Int+3
                  | SInv}
  2018 | D:3      | Reached skill level 1 in Conjurations
  2018 | D:3      | Reached skill level 1 in Hexes
  2018 | D:3      | Reached skill level 1 in Necromancy
  2018 | D:3      | Reached skill level 1 in Translocations
  2018 | D:3      | Reached skill level 1 in Transmutations
  2018 | D:3      | Reached skill level 1 in Fire Magic
  2018 | D:3      | Reached skill level 1 in Ice Magic
  2018 | D:3      | Reached skill level 1 in Air Magic
  2018 | D:3      | Reached skill level 1 in Earth Magic
  2018 | D:3      | Reached skill level 1 in Poison Magic
  2136 | D:3      | Found a sparkling altar of Nemelex Xobeh.
  2819 | D:4      | Noticed Eustachio
  2825 | D:4      | Killed Eustachio
  2826 | D:4      | Reached XP level 5. HP: 38/38 MP: 12/12
  2826 | D:4      | Reached XP level 6. HP: 44/44 MP: 13/13
  2900 | D:4      | Reached skill level 5 in Dodging
  3148 | D:4      | Reached XP level 7. HP: 36/48 MP: 12/15
  3307 | D:4      | Learned a level 4 spell: Summon Lightning Spire
  3445 | D:4      | Found an ancient bone altar of Kikubaaqudgha.
  3480 | D:4      | Found a stormy altar of Qazlal.
  3482 | D:4      | Noticed a water elemental
  3482 | D:4      | Noticed a fire elemental
  3494 | D:4      | Noticed an air elemental
  3765 | D:4      | Noticed Blork the orc
  3779 | D:4      | Killed Blork the orc
  4150 | D:5      | Entered Level 5 of the Dungeon
  4155 | D:5      | Reached skill level 5 in Stealth
  4266 | D:5      | Found a white marble altar of Elyvilon.
  4303 | D:5      | Reached XP level 8. HP: 58/58 MP: 16/16
  4357 | D:5      | Found a hide-covered altar of Uskayaw.
  4444 | D:5      | Learned a level 1 spell: Foxfire
  4471 | D:5      | Found an ornate altar of the Wu Jian Council.
  4956 | D:6      | Found a staircase to the Ecumenical Temple.
  5233 | D:6      | Found Plog's Tiny Tomes.
  5238 | D:6      | Bought the Meditations on Transmogrification for 168 gold
                  | pieces
  5244 | D:6      | Learned a level 5 spell: Irradiate
  5495 | D:6      | Reached XP level 9. HP: 65/65 MP: 7/18
  5591 | D:6      | Noticed Sigmund
  5607 | D:6      | Killed Sigmund
  5608 | D:6      | Reached skill level 8 in Summonings
  5781 | D:6      | Found the +5 robe of Night {Dark Will+ SInv}
  6435 | D:7      | Reached skill level 5 in Invocations
  6716 | D:7      | Found a runed translucent door.
  6718 | D:7      | Noticed Crazy Yiuf
  6724 | D:7      | Killed Crazy Yiuf
  6798 | D:7      | Found an iron altar of Okawaru.
  6801 | D:7      | Found a snail-covered altar of Cheibriados.
  6830 | D:7      | Found a shadowy altar of Dithmenos.
  6945 | D:7      | Found a broken altar of Ashenzari.
  6957 | D:7      | Became a worshipper of Ashenzari the Shackled
  7050 | D:7      | Found a shimmering altar of Xom.
  7648 | D:8      | Noticed Maggie
  7653 | D:8      | Reached XP level 10. HP: 67/73 MP: 11/20
  7656 | D:8      | Killed Maggie
  7657 | D:8      | Reached skill level 5 in Fighting
  7657 | D:8      | Reached skill level 5 in Short Blades
  7657 | D:8      | Reached skill level 5 in Long Blades
  7657 | D:8      | Reached skill level 5 in Axes
  7657 | D:8      | Reached skill level 5 in Maces & Flails
  7657 | D:8      | Reached skill level 5 in Polearms
  7657 | D:8      | Reached skill level 5 in Staves
  7657 | D:8      | Reached skill level 5 in Ranged Weapons
  7657 | D:8      | Reached skill level 5 in Throwing
  7657 | D:8      | Reached skill level 5 in Armour
  7657 | D:8      | Reached skill level 5 in Shields
  7657 | D:8      | Reached skill level 5 in Unarmed Combat
  7657 | D:8      | Reached skill level 5 in Evocations
  8002 | D:8      | Paralysed by a hornet for 1 turns
  8007 | D:8      | Paralysed by a hornet for 3 turns
  8863 | D:9      | Reached skill level 5 in Shapeshifting
  9488 | D:10     | Entered Level 10 of the Dungeon
  9519 | D:10     | Found Ryluchil's Magic Scroll Emporium.
  9525 | D:10     | Bought a scroll of vulnerability for 44 gold pieces
  9525 | D:10     | Bought a scroll of enchant armour for 82 gold pieces
  9525 | D:10     | Bought a scroll of fear for 44 gold pieces
  9525 | D:10     | Bought a scroll of identify for 22 gold pieces
  9525 | D:10     | Bought a scroll of revelation for 82 gold pieces
  9626 | D:10     | Noticed a two-headed ogre
  9632 | D:10     | Killed a two-headed ogre
  9633 | D:10     | Reached XP level 11. HP: 81/81 MP: 22/22
  9727 | D:10     | Found a shimmering blue altar of Sif Muna.
 10126 | D:10     | Found a runed translucent gate.
 10126 | D:10     | Found a runed translucent gate.
 10126 | D:10     | Noticed a green ugly thing
 10127 | D:10     | Found a runed translucent gate.
 10130 | D:10     | Noticed a sea snake
 10131 | D:10     | a sea snake changed into a bunyip
 10131 | D:10     | Noticed a bunyip (glowing shapeshifter)
 10132 | D:10     | Noticed a green ugly thing
 10133 | D:10     | a bunyip changed into a snapping turtle
 10134 | D:10     | Noticed a white ugly thing
 10136 | D:10     | Noticed a green ugly thing
 10138 | D:10     | a snapping turtle changed into a deep troll
 10138 | D:10     | Noticed a deep troll (glowing shapeshifter)
 10146 | D:10     | a deep troll changed into a warg
 10146 | D:10     | Killed a white ugly thing
 10146 | D:10     | Killed a cyan ugly thing
 10147 | D:10     | Reached skill level 5 in Conjurations
 10147 | D:10     | Reached skill level 5 in Hexes
 10147 | D:10     | Reached skill level 5 in Necromancy
 10147 | D:10     | Reached skill level 5 in Translocations
 10147 | D:10     | Reached skill level 5 in Transmutations
 10147 | D:10     | Reached skill level 5 in Fire Magic
 10147 | D:10     | Reached skill level 5 in Ice Magic
 10147 | D:10     | Reached skill level 5 in Air Magic
 10147 | D:10     | Reached skill level 5 in Earth Magic
 10147 | D:10     | Reached skill level 5 in Poison Magic
 10147 | D:10     | Killed a red ugly thing
 10147 | D:10     | Killed a white ugly thing
 10152 | D:10     | Noticed a two-headed ogre
 10154 | D:10     | a two-headed ogre changed into a black mamba
 10155 | D:10     | a black mamba changed into a glowing orange brain
 10155 | D:10     | Noticed a glowing orange brain (glowing shapeshifter)
 10157 | D:10     | a glowing orange brain changed into an eye of devastation
 10163 | D:10     | an eye of devastation changed into a sea snake
 10163 | D:10     | Noticed a sea snake (glowing shapeshifter)
 10165 | D:10     | a sea snake changed into a swamp worm
 10273 | D:10     | Found a runed translucent gate.
 10273 | D:10     | Found a runed translucent gate.
 10277 | D:10     | Found a runed translucent gate.
 10277 | D:10     | Noticed Sundig's ghost (journeyman HuFi)
 10285 | D:10     | a troll changed into a moth of wrath
 10285 | D:10     | Noticed a moth of wrath (shapeshifter)
 10528 | D:10     | Reached skill level 9 in Summonings
 11074 | D:10     | Found a staircase to the Lair.
 11307 | D:10     | Noticed an entropy weaver
 11401 | D:11     | Noticed a manticore
 11415 | D:11     | Killed a manticore
 11689 | D:11     | Noticed a deep elf pyromancer
 11702 | D:11     | Slain by a deep elf pyromancer

Illustrated notes

Levels and vault maps discovered:
D:1:      shiori_arrival_whats_in_store_for_you, layout_rooms,
          nicolae_ecumenical_snake_handling
D:2:      layout_rooms, serial_shops, shop
D:3:      layout_basic, nicolae_overflow_hidden_temple,
          kennysheep_generic_room_2
D:4:      layout_gridville, nicolae_qazlal_style_of_elements,
          lemuel_round_altar, serial_demonic, serial_demonic_f,
          serial_demonic_d, serial_demonic_b, serial_demonic_b,
          hangedman_feature_mirror, dreamdust_princess_corridor,
          kennysheep_crisscross, nicolae_eternal_life, uniq_blork_the_orc,
          uniq_eustachio
D:5:      layout_rooms, old_standard_altar, nzn_wu_jian_contemplation,
          nicolae_uskayaw_suspiria, dk_noncrumbling_3
D:6:      layout_loops_ring, minmay_temple_entry_grid,
          nicolae_shop_i_like_small_books_too, uniq_sigmund
D:7:      layout_basic, lemuel_round_altar, grunt_temple_overflow_cloverleaf,
          uniq_crazy_yiuf_cottage
D:8:      layout_layer_cave, uniq_maggie
D:9:      nicolae_cairo_tiling_very_big, layout_irregular_city
D:10:     layout_basic, general_overflow_altar, erik_lair_dragon, serial_glass,
          glass_columns_c, glass_columns_b, glass_columns_c, glass_columns_b,
          serial_shops, nicolae_shop_getting_attention,
          ploomutoo_gammafunk_ghost_potion_laboratory
D:11:     layout_loops_ring, dilly_guarded_unrand_elemental_staff, uniq_amaemon,
          uniq_urug

Skill      XL: |  1  2  3  4  5  6  7  8  9 10 11 |
---------------+----------------------------------+-----
Spellcasting   | 5 6 7 8 |  8.4
Invocations    | 1 2 3 4 5 6 7 |  7.3
Fighting       | 1 2 3 4 5 6 |  6.6
Short Blades   | 1 2 3 4 5 6 |  6.6
Long Blades    | 1 2 3 4 5 6 |  6.6
Axes           | 1 2 3 4 5 6 |  6.6
Maces & Flails | 1 2 3 4 5 6 |  6.6
Polearms       | 1 2 3 4 5 6 |  6.6
Staves         | 1 2 3 4 5 6 |  6.6
Ranged Weapons | 1 2 3 4 5 6 |  6.6
Throwing       | 1 2 3 4 5 6 |  6.6
Armour         | 1 2 3 4 5 6 |  6.6
Shields        | 1 2 3 4 5 6 |  6.6
Unarmed Combat | 1 2 3 4 5 6 |  6.6
Evocations     | 1 2 3 4 5 6 |  6.6
Shapeshifting  | 1 2 3 4 5 6 |  6.0
Conjurations   | 1 2 3 4 5 |  5.5
Hexes          | 1 2 3 4 5 |  5.5
Necromancy     | 1 2 3 4 5 |  5.5
Translocations | 1 2 3 4 5 |  5.5
Transmutations | 1 2 3 4 5 |  5.5
Fire Magic     | 1 2 3 4 5 |  5.5
Ice Magic      | 1 2 3 4 5 |  5.5
Air Magic      | 1 2 3 4 5 |  5.5
Earth Magic    | 1 2 3 4 5 |  5.5
Poison Magic   | 1 2 3 4 5 |  5.5
Dodging        | 5 6 7 8 |  8.2
Stealth        | 5 6 7 |  7.9
Summonings     | 8 9 |  9.1

Action                     |  1- 3 |  4- 6 |  7- 9 | 10-12 || total
---------------------------+-------+-------+-------+-------++-------
  Melee: Unarmed           |    13 |       |       |       ||    13
         Bite              |    11 |     9 |    14 |    35 ||    69
         Dagger            |    46 |    81 |   146 |   237 ||   510
         Punch             |     1 |     2 |     6 |    14 ||    23
   Cast: Summon Small Mamm |    26 |    24 |    13 |     6 ||    69
         Call Imp          |     9 |    14 |    15 |     7 ||    45
         Call Canine Famil |     1 |     5 |    16 |    14 ||    36
         Summon Guardian G |       |       |    11 |    10 ||    21
         Summon Lightning  |       |       |    10 |    23 ||    33
         Foxfire           |       |       |    40 |       ||    40
 Invoke: Curse Item        |       |       |       |     1 ||     1
  Evoke: Wand              |       |       |       |     1 ||     1
    Use: Scroll            |     1 |     2 |     4 |    11 ||    18
         Potion            |       |       |     1 |       ||     1
   Stab: Sleeping          |     4 |     4 |    11 |     7 ||    26
         Distracted        |     1 |     1 |       |     3 ||     5
 Armour: Robe              |    36 |     7 |    39 |   148 ||   230
         Leather armour    |       |    30 |    50 |       ||    80
  Dodge: Dodged            |    46 |    60 |   104 |   191 ||   401

Table legend: (Time is in decaauts)
 A = Elapsed time spent in this place.
 B = Non-inter-level travel time spent in this place.
 C = Inter-level travel time spent in this place.
 D = Time resting spent in this place.
 E = Time spent auto-exploring this place.
 F = Levels seen in this place.
 G = Mean time per level.
                   A        B        C        D        E       F      G
               +--------+--------+--------+--------+--------+-----+--------+
         Total |  11604 |  11127 |    477 |    900 |   7979 |  11 | 1054.9 |
       Dungeon |  11604 |  11127 |    477 |    900 |   7979 |  11 | 1054.9 |
               +--------+--------+--------+--------+--------+-----+--------+

Top non-repeatable levels by time:
    D:10: 1828 daAuts
     D:4: 1313 daAuts
     D:7: 1285 daAuts
     D:3: 1230 daAuts
     D:6: 1146 daAuts
     D:9: 1109 daAuts
     D:8: 1049 daAuts
     D:1: 876 daAuts
     D:2: 721 daAuts
     D:5: 710 daAuts
    D:11: 334 daAuts
